 Dungeon Crawl Stone Soup version 0.31-a0-569-g7ea453304b (webtiles) character file.

Game seed: 12502282242458671822

82 Ethylacetat the Ducker (level 4, -5/31 HPs)
             Began as an Octopode Gladiator on Aug 18, 2023.
             Slain by a gnoll
             ... wielding a +0 flail
              (11 damage)
             ... on level 2 of the Dungeon.
             The game lasted 00:01:13 (837 turns).

Ethylacetat the Ducker (Octopode Gladiator)          Turns: 837, Time: 00:01:13

Health: -5/31      AC:  1    Str: 13    XL:     4   Next: 43%
Magic:  4/4        EV: 14    Int: 10    God:
Gold:   74         SH:  0    Dex: 15    Spells: 3/3 levels left

rFire   . .          .
                       - Unarmed
rCold   . . .        (no shield)
rNeg    . . .        a - +0 hat
rPois   .            (no amulet)
rElec   .            (no ring)
rCorr   .            (no ring)
SInv    .            (no ring)
Will    .....        (no ring)
Stlth   ++           (no ring)
HPRegen 0.25/turn    (no ring)
MPRegen 0.09/turn    (no ring)
                     (no ring)

%: no passive effects
@: no status effects
A: almost no armour, amphibious, 8 rings, camouflage 1, gelatinous body 1,
(nimble swimmer 1), tentacles
a: no special abilities


You were on level 2 of the Dungeon.
You visited 1 branch of the dungeon, and saw 2 of its levels.

You collected 74 gold pieces.

Inventory:

Missiles
 b - 3 throwing nets (quivered)
 c - a javelin
Armour
 a - a +0 hat (worn)
Scrolls
 d - a scroll of enchant armour {unknown}
 g - a scroll of noise {unknown}
 i - a scroll of teleportation {unknown}
 k - a scroll of fog {unknown}
Potions
 e - a potion of might {unknown}
 f - a potion of enlightenment {unknown}
 h - a potion of magic {unknown}
 j - 2 potions of heal wounds {unknown}
 l - a potion of haste {unknown}


   Skills:
 + Level 3.1 Fighting
 - Level 2.0 Throwing
 + Level 3.8 Dodging
 + Level 3.7 Unarmed Combat


You had 3 spell levels left.
You didn't know any spells.
Your spell library contained the following spells:

 Spells                   Type           Power      Damage    Failure   Level
 Magic Dart               Conj           0%         1d3       36%         1
 Blink                    Tloc           0%         N/A       50%         2
 Searing Ray              Conj           0%         2d4       50%         2
 Fulminant Prism          Conj/Hex       0%         3d5       98%         4
 Manifold Assault         Tloc           0%         N/A       98%         4


Dungeon Overview and Level Annotations

Branches:
Dungeon (2/15)

Altars:


Innate Abilities, Weirdness & Mutations

You cannot wear most types of armour.
You are amphibious.
You can wear up to eight rings at the same time.
Your skin changes colour to match your surroundings (Stealth+).
Your rubbery body absorbs attacks. (AC +1, EV +1)
((You are camouflaged when in or above water. (Stealth+)))
You have tentacles for arms and can constrict up to eight enemies at once.


Message History

The gnoll hits you but does no damage.
You tentacle-slap the gnoll. You grab the gnoll. You squeeze the gnoll.
The gnoll is almost dead.
You constrict the gnoll. The gnoll barely misses you.
You tentacle-slap the gnoll.
You kill the gnoll!
You have reached level 4!
You tentacle-slap the gnoll but do no damage.
Your grab misses the gnoll. You squeeze the gnoll.
The gnoll is lightly wounded.
The gnoll hits you with a +0 flail.
* * * LOW HITPOINT WARNING * * *
You tentacle-slap the gnoll. You grab the gnoll. You tentacle-slap the gnoll.
The gnoll is heavily wounded.
You constrict the gnoll. The gnoll misses you.
You tentacle-slap the gnoll.
The gnoll is almost dead.
You constrict the gnoll.
You kill the gnoll!
Your Fighting skill increases to level 3!
You tentacle-slap the gnoll. Your grab misses the gnoll.
Your squeeze misses the gnoll.
The gnoll is lightly wounded.
The gnoll closely misses you.
You tentacle-slap the gnoll. Your grab misses the gnoll.
You tentacle-slap the gnoll.
The gnoll is heavily wounded.
The gnoll barely misses you.
You tentacle-slap the gnoll. Your grab misses the gnoll.
The gnoll is severely wounded.
The gnoll hits you with a +0 flail.
* * * LOW HITPOINT WARNING * * *
You closely miss the gnoll. You grab the gnoll. You squeeze the gnoll.
The gnoll is almost dead.
You constrict the gnoll.
You kill the gnoll!
You bludgeon the gnoll! You grab the gnoll.
The gnoll is heavily wounded.
You constrict the gnoll. The gnoll hits you with a +0 flail!
You die...

.#####..###...†...##
# #..# ##.....## #
#.#####..# ###.### #
#.[......## #..#
####
#####.....####.##
##...
#....#......####..##
#.#.######..>.##.###
#.#.# #.##.†.....
#^#@# #.. ####)..# #
#####.#g# #.[#
#......#
..##......J#
#.#....#..#..
.......J†.## .. .##
#.#### ........)..#
#.. #.. .........?.#
#. #..
............... ##.
...........###.#
.............


You could see a gnoll (pursuing) and an endoplasm.

Vanquished Creatures
  An adder (D:2)
  3 gnolls (D:2)
  A worm (D:2)
  A dart slug (D:1)
  4 endoplasms
  4 goblins
  5 hobgoblins
  3 jackals (D:2)
  5 kobolds
  A quokka (D:1)
  3 ball pythons
  3 bats
  A frilled lizard (D:2)
  3 rats
38 creatures vanquished.

Notes
Turn   | Place    | Note
-------+----------+-------------------------------------------
     0 | D:1      | Ethylacetat the Octopode Gladiator began the quest for the
                  | Orb.
     0 | D:1      | Reached XP level 1. HP: 14/14 MP: 1/1
     2 | D:1      | Noticed a tengu
     2 | D:1      | Noticed a merfolk
     4 | D:1      | Noticed a spriggan
     4 | D:1      | Noticed a gargoyle
     6 | D:1      | Noticed a ghoul
     6 | D:1      | Noticed a meteoran
     8 | D:1      | Noticed a felid
    10 | D:1      | Noticed a vampire
    10 | D:1      | Noticed a demonspawn
    12 | D:1      | Noticed an armataur
    12 | D:1      | Noticed a draconian
    14 | D:1      | Noticed a human
    16 | D:1      | Noticed a minotaur
    16 | D:1      | Noticed a naga
    18 | D:1      | Noticed a vine stalker
    18 | D:1      | Noticed a troll
    20 | D:1      | Noticed an elf
    22 | D:1      | Noticed a formicid
    22 | D:1      | Noticed a demigod
    24 | D:1      | Noticed an ogre
    24 | D:1      | Noticed a draconian
    26 | D:1      | Noticed a naga
   171 | D:1      | Reached XP level 2. HP: 16/19 MP: 2/2
   620 | D:2      | Reached XP level 3. HP: 20/25 MP: 3/3
   830 | D:2      | Reached XP level 4. HP: 9/30 MP: 4/4
   837 | D:2      | Slain by a gnoll

Illustrated notes

Levels and vault maps discovered:
D:1:      kb_arrival_jail, layout_rooms
D:2:      layout_rooms

Skill      XL: |  1  2  3  4 |
---------------+-------------+-----
Fighting       | 3 |  3.1
Throwing       | |  2.0
Dodging        | |  3.8
Unarmed Combat | |  3.7

Action                     |  1- 3 |  4- 6 || total
---------------------------+-------+-------++-------
  Melee: Unarmed           |    77 |     8 ||    85
         Constrict         |    25 |     3 ||    28
         Tentacles         |    18 |     2 ||    20
         Punch             |       |     2 ||     2
   Stab: Sleeping          |     3 |       ||     3
 Armour: Skin              |     3 |       ||     3
  Dodge: Dodged            |    54 |     3 ||    57

Table legend: (Time is in decaauts)
 A = Elapsed time spent in this place.
 B = Non-inter-level travel time spent in this place.
 C = Inter-level travel time spent in this place.
 D = Time resting spent in this place.
 E = Time spent auto-exploring this place.
 F = Levels seen in this place.
 G = Mean time per level.
                   A        B        C        D        E       F      G
               +--------+--------+--------+--------+--------+-----+--------+
         Total |    831 |    817 |     14 |      0 |    620 |   2 |  415.5 |
       Dungeon |    831 |    817 |     14 |      0 |    620 |   2 |  415.5 |
               +--------+--------+--------+--------+--------+-----+--------+

Top non-repeatable levels by time:
     D:1: 562 daAuts
     D:2: 268 daAuts
